 Dungeon Crawl Stone Soup version 0.21.1-1-g345015f (webtiles) character file.

78 inc the Conjurer (level 4, -1/27 HPs)
             Began as an Octopode Wizard on Apr 29, 2018.
             Killed from afar by Natasha (10 damage)
             ... with a wand of flame (15)
             ... on level 2 of the Dungeon.
             The game lasted 00:03:10 (2766 turns).

inc the Conjurer (Octopode Wizard)                  Turns: 2766, Time: 00:03:10

Health: -1/27      AC:  1    Str:  6    XL:     4   Next: 36%
Magic:  7/8        EV: 13    Int: 21    God:
Gold:   110        SH:  0    Dex: 10    Spells: 6/9 levels left

rFire    . . .     SeeInvis .   i - -3 short sword (curse)
rCold    . . .     Gourm    .   (no shield)
rNeg     . . .     Faith    .   a - +0 hat
rPois    .         Spirit   .   (no amulet)
rElec    .         Reflect  .   (no ring)
rCorr    .         Harm     .   (no ring)
MR       .....                  (no ring)
Stlth    +++.......             (no ring)
HPRegen  0.09/turn              (no ring)
MPRegen  0.11/turn              (no ring)
                                (no ring)
                                (no ring)

@: no status effects
A: almost no armour, stealthy swim, amphibious, 8 rings, constrict 8, camouflage
1, gelatinous body 1
a: no special abilities


You were on level 2 of the Dungeon.
You were hungry.

You visited 1 branch of the dungeon, and saw 3 of its levels.

You collected 110 gold pieces.

Inventory:

Hand Weapons
 i - a cursed -3 short sword (weapon)
Armour
 a - a +0 hat (worn)
Scrolls
 e - 4 scrolls of identify {unknown}
 k - 2 scrolls of magic mapping {unknown}
 l - 3 scrolls of teleportation {unknown}
 m - 2 scrolls of immolation {unknown}
 o - a scroll of remove curse {unknown}
Potions
 d - a potion of brilliance {unknown}
 f - 2 potions of agility {unknown}
 g - a potion of magic {unknown}
 h - 2 potions of curing {unknown}
 j - a potion of invisibility {unknown}
 n - a potion of mutation {unknown}
Books
 b - a book of Minor Magic

   Spells                             Type                      Level
   a - Magic Dart                     Conjuration                  1
   b - Blink                          Translocation                2
   c - Call Imp                       Summoning                    2
   d - Slow                           Hexes                        2
   e - Conjure Flame                  Conjuration/Fire             3
   f - Mephitic Cloud                 Conjuration/Poison/Air       3
Comestibles
 c - 4 rations


   Skills:
 + Level 0.0 Fighting
 - Level 2.0 Dodging
 - Level 2.6 Stealth
 - Level 3.0 Spellcasting
 - Level 4.1 Conjurations
   Level 1.0 Summonings
 - Level 1.0 Translocations


You had 6 spell levels left.
You knew the following spells:

 Your Spells              Type           Power        Failure   Level  Hunger
a - Magic Dart            Conj           ###.         2%          1    None
b - Blink                 Tloc           N/A          13%         2    ##.....


Dungeon Overview and Level Annotations

Branches:
Dungeon (3/15)

Altars:

Annotations:
D:2 Natasha


Innate Abilities, Weirdness & Mutations

You cannot wear most types of armour.
You are very stealthy in the water. (Stealth+)
You are amphibious.
You can wear up to eight rings at the same time.
You can use your tentacles to constrict eight enemies at once.
Your skin changes colour to match your surroundings (Stealth+).
Your rubbery body absorbs attacks. (AC +1, EV +1)


Message History

Moaning pathetically, Natasha's spirit plunges into the ground.
Your Conjurations skill increases to level 4!
You have reached level 4!
Unknown command.
You start resting.
Magic restored.
You start resting.
You are feeling hungry.
You start resting.
Natasha, Servant of Life and Death comes into view.
Casting: Magic Dart
Confirm with . or Enter, or press ? or * to list all spells.
Aiming: Magic Dart
Press: ? - help, Shift-Dir - straight line, f - Natasha
Aim: Natasha (hasn't noticed you)
The magic dart hits Natasha.
Natasha is moderately wounded.
Natasha hisses angrily.
Natasha zaps a wand.
The puff of flame hits you!
You die...

...## ###...## ########.###.
....## ##.##.## ##.###.##..
....>####...#.#########...##.#<..
.....'...........)...........'...
.....####...#.#########...##.#...
....## ###.##.#### ##.###.##..
...## #.......h.# #######.###.
..## #.####.##†# #.......# ## +##
#.# #..##@# #.####### # .# #.#
#.###.# ###.##### .# #.# #.# #.#
#....)..# .## #.###.###.#
#.#.###.# # ..######.........#
#.#.###.###### .......#####.#####
#.#........... ....##.# #.#
#.#####.#####. .##.##.#####.#
#.......# #. ###..........#
######### ##


You could see Natasha.

Vanquished Creatures
  Natasha (D:2)
  A gnoll (D:2)
  A worm (D:2)
  A leopard gecko (D:2)
  2 bats (D:1)
  4 giant cockroaches (D:1)
  4 goblins
  6 hobgoblins
  3 jackals (D:1)
  A frilled lizard (D:3)
  5 kobolds
  9 rats
38 creatures vanquished.

Vanquished Creatures (others)
  9 toadstools (D:3)
9 creatures vanquished.

Grand Total: 47 creatures vanquished

Notes
Turn   | Place    | Note
-------+----------+-------------------------------------------
     0 | D:1      | inc the Octopode Wizard began the quest for the Orb.
     0 | D:1      | Reached XP level 1. HP: 11/11 MP: 4/4
   217 | D:1      | Reached skill level 2 in Conjurations
   217 | D:1      | Reached XP level 2. HP: 17/17 MP: 1/6
  1317 | D:2      | Reached XP level 3. HP: 21/21 MP: 4/7
  1390 | D:2      | Reached skill level 3 in Conjurations
  1405 | D:1      | Learned a level 2 spell: Blink
  2664 | D:3      | Noticed Natasha
  2675 | D:2      | HP: 1/21 [Natasha (4)]
  2677 | D:2      | Killed Natasha
  2677 | D:2      | Reached skill level 4 in Conjurations
  2677 | D:2      | Reached XP level 4. HP: 1/27 MP: 0/8
  2766 | D:2      | Noticed Natasha
  2766 | D:2      | Killed from afar by Natasha

Skill      XL: |  1  2  3 |
---------------+----------+-----
Conjurations   | 2 4 |  4.1
Dodging        | |  2.0
Stealth        | |  2.6
Spellcasting   | |  3.0
Summonings     | |  1.0
Translocations | |  1.0

Action                   |  1- 3 |  4- 6 || total
-------------------------+-------+-------++-------
Melee: Unarmed           |    38 |       ||    38
       Constrict         |    10 |       ||    10
       Tentacles         |     6 |       ||     6
       Short sword       |    13 |       ||    13
 Cast: Magic Dart        |    87 |     1 ||    88
 Stab: Sleeping          |     5 |       ||     5
  Eat: Chunk             |     5 |       ||     5
Armor: Skin              |    11 |       ||    11
Dodge: Dodged            |    58 |       ||    58
